 Dungeon Crawl Stone Soup version 0.14-a0-3472-gf2e932f (webtiles) character file.

331174 Econoterrorist the Peltast (level 20, -5/187 HPs)
             Began as a Minotaur Fighter on Mar 23, 2014.
             Was the Champion of Okawaru.
             Slain by a phantasmal warrior (26 damage)
             ... on Level 4 of the Vaults on Mar 24, 2014.
             The game lasted 04:48:20 (54317 turns).

Econoterrorist the Peltast (Minotaur Fighter)      Turns: 54317, Time: 04:48:23

HP  -5/187       AC 27     Str 24      XL: 20   Next: 83%
MP  32/32        EV  9     Int  4      God: Okawaru [******]
Gold 1600        SH 53     Dex 20      Spells:  2 memorised, 14 levels left

rFire  + + +     SeeInvis .     i - +7 broad axe (chop)
rCold  + . .     Clarity  +     V - +5 fire dragon armour
rNeg   + + .     Conserve +     U - +0 large shield
rPois  +         rCorr    .     t - +2 hat
rElec  +         rRot     .     o - +1 ratskin cloak {rPois rN+ Dex-1 Int-1}
SustAb . .       Spirit   .     J - +0 pair of gloves of Dexixoha {rElec rN+ Dex+3}
rMut   .         Warding  .     p - +2 pair of boots {run}
Saprov . . .     Stasis   .     l - amulet of conservation
MR     .....                    e - ring of Truec {+Rage +Fly rC+ Dex+2 Dam-1}
                                B - ring of Qigomouj {rF+ rC+}

@: repel missiles, quick, not resistant to hostile enchantments, extremely
unstealthy
A: retaliatory headbutt, horns 2, clarity
a: Heroism, Finesse, Renounce Religion, Evoke Berserk Rage, Evoke Flight
}: 2/15 runes: serpentine, barnacled


You were on level 4 of the Vaults.
You worshipped Okawaru.
Okawaru was exalted by your worship.
You were full.

You visited 8 branches of the dungeon, and saw 43 of its levels.
You visited 1 bazaar.
You also visited: Labyrinth.

You collected 4106 gold pieces.
You spent 2506 gold pieces at shops.

Inventory:

Hand weapons
 i - a +7,+7 broad axe of chopping (weapon)
 n - the +4,+2 war axe "Lorem Ipsum" {venom, MR++ Str+1 SInv}
   (You found it on level 4 of the Vaults)

   It poisons the flesh of those it strikes.
   It affects your strength (+1).
   It affects your resistance to hostile enchantments.
   It enhances your eyesight.
 L - a +2,+4 war axe of flaming
Armour
 o - the +1 ratskin cloak (worn) {rPois rN+ Dex-1 Int-1}
   (Okawaru gifted it to you on level 4 of the Vaults)

   It affects your intelligence (-1).
   It affects your dexterity (-1).
   It protects you from poison.
   It protects you from negative energy.
 p - a +2 pair of boots of running (worn)
 t - a +2 hat (worn)
 A - a +2 pair of boots of flying
 J - the +0 pair of gloves of Dexixoha (worn) {rElec rN+ Dex+3}
   (You bought it in a shop on level 2 of the Orcish Mines)

   It affects your dexterity (+3).
   It insulates you from electricity.
   It protects you from negative energy.
 U - a +0 large shield (worn)
 V - a +5 fire dragon armour (worn)
Magical devices
 b - a wand of fireball (4)
 z - a wand of lightning (5)
 H - a wand of teleportation (4)
 M - a wand of fire (2)
 P - a wand of cold (5)
 Q - a wand of digging (8)
 Z - a wand of teleportation (1)
Comestibles
 d - 2 bread rations
 r - 2 meat rations
Scrolls
 g - 3 scrolls of teleportation
 h - 6 scrolls of identify
 j - 2 scrolls of summoning
 v - 3 scrolls of remove curse
 y - 4 scrolls of fear
 D - a scroll of amnesia
 E - 6 scrolls of fog
 S - a scroll of magic mapping
 T - a scroll of silence
 X - 2 scrolls of blinking
Jewellery
 a - a cursed ring of protection from magic
 c - the amulet of Wonder {Stasis Str-4 Dex-2 Int+1}
   (You bought it in a shop in a bazaar)

   [amulet of stasis]

   It affects your strength (-4).
   It affects your intelligence (+1).
   It affects your dexterity (-2).
 e - the ring of Truec (right hand) {+Rage +Fly rC+ Dex+2 Dam-1}
   (You found it on level 8 of the Lair of Beasts)

   [ring of protection from cold]

   It affects your dexterity (+2).
   It affects your damage with ranged weapons and melee attacks (-1).
   It lets you fly.
   It lets you go berserk.
 l - an amulet of conservation (around neck)
 x - a +0,+5 ring of slaying
 B - the ring of Qigomouj (left hand) {rF+ rC+}
   (You found it in a labyrinth)

   [ring of protection from fire]

   It protects you from cold.
 K - an uncursed amulet of resist corrosion
 W - an uncursed ring of protection from magic
Potions
 f - a potion of berserk rage
 m - 4 potions of resistance
 q - 2 potions of haste
 s - 7 potions of curing
 w - 6 potions of restore abilities
 C - a potion of might
 G - 2 potions of invisibility
 N - 2 potions of heal wounds
 Y - a potion of agility
Rods
 O - a +6 rod of fiery destruction (15/15)
   (You bought it in a shop on level 3 of the Vaults)


   Skills:
 - Level 18.0 Fighting
 - Level 18.0 Axes
 - Level 13.5 Armour
 - Level 25.0 Shields
 + Level 4.3 Charms
 + Level 4.0 Necromancy
 - Level 2.1 Air Magic
 - Level 7.1 Invocations
 - Level 15.0 Evocations


You had 14 spell levels left.
You knew the following spells:

 Your Spells              Type           Power        Failure   Level  Hunger
a - Repel Missiles        Chrm/Air       #.....       38%         2    ###....
b - Regeneration          Chrm/Necr      #.........   50%         3    ####...


Dungeon Overview and Level Annotations

Branches:
Dungeon (14/15)            Temple (1/1) D:6             Orc (4/4) D:11
    Elf (0/3) Orc:4          Lair (8/8) D:8          Shoals (5/5) Lair:6
  Snake (5/5) Lair:6        Slime (0/6) Lair:6       Vaults (5/5) D:14
  Blade (1/1) Vaults:3      Crypt (0/5) Vaults:2

Altars:
Ashenzari
Cheibriados
Dithmenos
Elyvilon
Fedhas
Kikubaaqudgha
Makhleb
Nemelex Xobeh
Okawaru
Sif Muna
Vehumet
Xom
Yredelemnul
Zin
The Shining One
Beogh

Shops:
D:6 }**[   D:9 [   Orc:2 [   Orc:3 !   Orc:4 ([?}   Shoals:3 (   Snake:4 [
Snake:5 =   Vaults:3 }


Innate Abilities, Weirdness & Mutations

You reflexively headbutt those who attack you in melee.
You have a pair of horns on your head.
You possess an exceptional clarity of mind.


Message History

The vault guard drops an uncursed halberd.
The vault guard picks up a dire flail.
The vault guard wields a dire flail.
The vault guard hits you but does no damage.
The vault guard unwields an uncursed battleaxe.
The vault guard drops an uncursed battleaxe.
The vault guard picks up a battleaxe.
The vault guard wields a battleaxe.
You slash the vault guard!
The vault guard is heavily wounded.
You slash the vault guard!
The vault guard is heavily wounded.
You slash the vault guard!
You kill the vault guard!
Okawaru accepts your kill.
You slice the vault guard!!
The vault guard is moderately wounded.
You hit the vault guard but do no damage.
The vault guard is moderately wounded.
The phantasmal warrior's blade passes through your shield.
The phantasmal warrior hits you!
You die...

#.......# #.............
##'####'# #....(........
#......# #.(##'########
#......# #..#)))####...
#..)...# #..#......#.##
#......########..#......#...
#......#......'..#####..#.#.
#......#..)@@.#..##.......#.
#......#..@@[.#..##....##.#.
#......#..@.W.#.(##.......##
#......#......#..###########
#......'......#.............
#......#......#.............
######'##......##############
#......####'###### # #......#
#......># # #......#
#.......# ### #


You could see 4 vault guards and a phantasmal warrior.

Vanquished Creatures
  Mennas (Blade)
  A bone dragon (Vaults:2)
  Asterion (Snake:5)
  2 krakens
  Agnes (Snake:3)
  5 sphinxes
  Frances (Snake:2)
  Ilsuiw (Shoals:5)
  Maud (Lair:8)
  A deep elf sorcerer (Vaults:3)
  Louise (Shoals:4)
  8 vault wardens
  2 orc warlords
  7 greater nagas
  Jorgrun (Blade)
  A deep elf demonologist (Vaults:3)
  3 stone giants
  8 merfolk javelineers
  Snorg (Snake:2)
  A deep elf death mage (Vaults:3)
  8 merfolk impalers (Shoals:5)
  5 sirens
  8 vault guards
  2 ettins
  10 yaktaur captains
  A minotaur (Lab)
  Josephine (Orc:3)
  2 fire dragons
  10 ironheart preservers
  3 great orbs of eyes
  Fannar (Orc:3)
  2 ice dragons
  21 dancing weapons (Blade)
  9 ogre magi
  7 hydras
  11 anacondas
  16 naga warriors
  Nessos (D:12)
  Erica (Lair:6)
  An alligator snapping turtle (Shoals:5)
  15 death yaks
  3 deep troll shamans
  3 merfolk aquamancers
  2 orc high priests (Orc:4)
  9 shock serpents
  3 centaur warriors
  8 naga sharpshooters
  A very ugly thing (Vaults:2)
  Nergalle (Lair:1)
  4 skeletal warriors
  2 catoblepae
  5 fire crabs
  4 salamander mystics
  An iron troll (Vaults:4)
  2 shadow wraiths
  2 deep trolls (Vaults:2)
  22 sea snakes
  4 deep elf knights
  5 hill giants
  An unseen horror (Vaults:1)
  7 naga ritualists
  A water nymph (shapeshifter) (Vaults:4)
  12 ironbrand convokers
  An unseen horror (shapeshifter) (Vaults:3)
  25 harpies
  A water nymph (Shoals:5)
  2 wizards
  11 mana vipers
  14 orc knights
  18 griffons
  A spectral ettin (Vaults:3)
  2 deep elf conjurers (Vaults:3)
  7 cyclopes
  20 salamanders
  9 manticores
  4 wolf spiders
  6 red wasps
  3 orc sorcerers
  2 oklob plants (Lair:6)
  A draconian (shapeshifter) (D:13)
  A phantasmal warrior (Vaults:1)
  3 fauns (Shoals:1)
  12 mermaids
  Maurice (D:12)
  10 drowned souls
  16 elephants
  15 guardian serpents
  4 octopodes
  A spectral elf (Vaults:3)
  40 black mambas
  11 vault sentinels
  17 naga magi
  Psyche (D:12)
  A small abomination (Vaults:3)
  A kobold demonologist (Vaults:1)
  9 spiny frogs
  53 yaktaurs
  10 komodo dragons
  3 fire drakes
  A jumping spider (Vaults:3)
  Grinder (D:6)
  A troll (shapeshifter) (Vaults:4)
  A spectral harpy (Vaults:3)
  5 trolls
  7 freezing wraiths
  2 deep elf priests
  A queen bee (Lair:2)
  16 blink frogs
  3 boggarts (Vaults:3)
  38 merfolk
  2 blink frogs (shapeshifter) (Vaults:2)
  7 two-headed ogres
  A wolf spider simulacrum (Vaults:1)
  Prince Ribbit (Orc:1)
  3 wind drakes
  3 boulder beetles
  A tengu simulacrum (Vaults:3)
  7 slime creatures
  A grizzly bear (shapeshifter) (Vaults:1)
  17 snapping turtles
  2 shadows
  8 redbacks
  A ynoxinul (Snake:2)
  A griffon zombie (Vaults:2)
  2 wraiths
  2 grizzly bears (Lair:8)
  A hog (shapeshifter) (Vaults:3)
  A trapdoor spider (D:13)
  A griffon skeleton (D:12)
  A spriggan (D:9)
  16 water elementals
  A hippogriff (shapeshifter) (Vaults:3)
  8 deep elf fighters
  31 yaks
  2 deep elf magi
  An elephant slug (Lair:8)
  A tarantella (Vaults:4)
  A chaos spawn (Snake:2)
  2 fire bats (Shoals:4)
  A hill giant zombie (D:13)
  9 sharks
  3 wyverns
  A golden eye (shapeshifter) (Vaults:2)
  29 ugly things
  2 necrophages
  A human (shapeshifter) (Vaults:2)
  67 nagas
  15 wolves
  A hill giant skeleton (D:11)
  A neqoxec (Snake:2)
  2 hungry ghosts
  9 hippogriffs
  10 vampire mosquitoes
  A hydra simulacrum (D:14)
  16 humans (D:14)
  8 wargs
  7 porcupines
  28 water moccasins
  A mottled dragon (Vaults:2)
  10 ice beasts
  A human zombie (Vaults:2)
  3 black bears
  49 orc warriors
  A manticore zombie (D:14)
  4 giant goldfish (Lair:6)
  2 yellow wasps
  16 centaurs
  33 ogres
  10 crocodiles
  10 giant slugs
  14 big kobolds
  19 giant frogs
  A komodo dragon skeleton (D:12)
  7 jellies
  A wyvern zombie (D:7)
  3 scorpions
  An eye of draining (D:10)
  2 electric eels (Lair:6)
  A yak zombie (D:10)
  37 killer bees
  4 wights (D:6)
  10 crimson imps
  2 quasits
  A centaur zombie (D:7)
  10 hounds
  A giant frog skeleton (D:13)
  29 orc priests
  50 orc wizards
  6 iguanas
  6 spectral orcs (Lair:1)
  37 sheep
  An ogre zombie (D:6)
  5 worker ants
  Ijyb (D:7)
  A crocodile zombie (D:8)
  A big kobold skeleton (D:7)
  Terence (D:2)
  A hound skeleton (D:6)
  2 mummies
  17 gnolls
  36 adders
  A giant mite (Lair:4)
  6 shadow imps
  30 green rats
  2 inept feature mimics
  5 worms
  2 ufetubi (Snake:2)
  An iguana zombie (D:7)
  4 giant eyeballs
  4 orc skeletons
  221 orcs
  3 ball pythons
  9 giant cockroaches
  29 goblins
  32 hobgoblins
  27 jackals
  35 kobolds
  5 quokkas
  23 bats
  13 giant geckos
  3 giant newts
  A giant spore (D:6)
  A goblin skeleton (Orc:3)
  A goblin zombie (D:6)
  2 hobgoblin skeletons
  A kobold zombie (D:6)
  An orc simulacrum (Orc:3)
  19 rats
  A rat skeleton (D:4)
  35 ballistomycetes
  6 fungi
  8 plants
  6 tentacles
2019 creatures vanquished.

Vanquished Creatures (others)
  A mana viper (Snake:5)
  2 drowned souls
  Edmund (D:6)
  A crimson imp (D:6)
  An orc priest (Orc:4)
  An adder (Lair:2)
  An orc (D:6)
  7 giant spores
  A rat (Lair:2)
  4 fungi
  4 plants (Lair:8)
  5 tentacles
  52 tentacle segments
81 creatures vanquished.

Grand Total: 2100 creatures vanquished

Notes
Turn   | Place    | Note
--------------------------------------------------------------
     0 | D:1      | Econoterrorist, the Minotaur Fighter, began the quest for the Orb.
     0 | D:1      | Reached XP level 1. HP: 19/19 MP: 1/1
   222 | D:1      | Reached XP level 2. HP: 26/26 MP: 1/1
   766 | D:2      | Reached skill level 4 in Axes
   777 | D:2      | Reached XP level 3. HP: 29/31 MP: 2/2
   841 | D:2      | Noticed Terence
   847 | D:2      | Killed Terence
  1010 | D:2      | Reached skill level 5 in Axes
  1395 | D:2      | Reached XP level 4. HP: 39/39 MP: 2/2
  2311 | D:3      | Reached skill level 6 in Axes
  2338 | D:4      | Reached XP level 5. HP: 43/46 MP: 2/2
  2349 | D:4      | Found a blossoming altar of Fedhas.
  2400 | D:4      | Noticed an ogre
  2407 | D:4      | Killed an ogre
  2869 | D:4      | Noticed a black bear
  2872 | D:4      | Killed a black bear
  2872 | D:4      | Reached skill level 7 in Axes
  2872 | D:4      | Reached XP level 6. HP: 49/52 MP: 3/3
  3130 | D:5      | Entered Level 5 of the Dungeon
  3137 | D:5      | Paralysed by a giant eyeball for 4 turns
  3145 | D:5      | Paralysed by a giant eyeball for 3 turns
  3402 | D:5      | Paralysed by a giant eyeball for 4 turns
  3617 | D:5      | Reached XP level 7. HP: 58/60 MP: 3/3
  3654 | D:5      | Reached skill level 5 in Armour
  3654 | D:5      | Reached skill level 5 in Shields
  3806 | D:5      | Found a snail-covered altar of Cheibriados.
  3806 | D:5      | Found a white marble altar of Elyvilon.
  3944 | D:6      | Reached skill level 8 in Axes
  4042 | D:6      | Reached skill level 5 in Fighting
  4067 | D:6      | Found Klygumin's General Store.
  4076 | D:6      | Found Chaal's Armour Shoppe.
  4079 | D:6      | Bought a +0 cloak for 54 gold pieces
  4101 | D:6      | Found Xuomuf's Assorted Antiques.
  4106 | D:6      | Bought 2 potions of heal wounds for 84 gold pieces
  4118 | D:6      | Noticed Edmund
  4118 | D:6      | Bought a scroll labeled LUQOPU PLORCH for 22 gold pieces
  4118 | D:6      | Bought a scroll labeled GUURYN FRUR MAY for 22 gold pieces
  4118 | D:6      | Bought a scroll labeled JECHAR BUHIPT for 22 gold pieces
  4118 | D:6      | Bought a scroll labeled AXEOKH RIEX for 22 gold pieces
  4133 | D:6      | Killed Edmund
  4340 | D:6      | Reached XP level 8. HP: 63/68 MP: 3/3
  4368 | D:6      | Reached skill level 9 in Axes
  4762 | D:6      | Found a staircase to the Ecumenical Temple.
  4773 | Temple   | Entered the Ecumenical Temple
  4792 | Temple   | Became a worshipper of Warmaster Okawaru
  4835 | D:6      | Noticed Grinder
  4863 | D:6      | Killed Grinder
  4863 | D:6      | Reached skill level 10 in Axes
  5194 | D:6      | Acquired Okawaru's first power
  5212 | D:6      | Found a burning altar of Makhleb.
  5276 | D:6      | Reached XP level 9. HP: 63/78 MP: 4/4
  5582 | D:6      | Found Plocext's Gadget Shoppe.
  6705 | D:7      | Reached skill level 11 in Axes
  7170 | D:7      | Noticed Ijyb
  7182 | D:7      | Killed Ijyb
  7533 | D:8      | Found a staircase to the Lair.
  7758 | D:8      | Reached XP level 10. HP: 83/88 MP: 4/4
  7953 | D:8      | Found a shimmering altar of Xom.
  8043 | D:8      | Reached skill level 12 in Axes
  8291 | D:9      | Found Ygra's Armour Emporium.
  9168 | D:9      | Noticed a skeletal warrior
  9169 | D:9      | Noticed a skeletal warrior
  9185 | D:9      | Killed a skeletal warrior
  9196 | D:9      | Killed a skeletal warrior
  9196 | D:9      | Reached skill level 13 in Axes
  9209 | D:9      | Noticed a skeletal warrior
  9223 | D:9      | Killed a skeletal warrior
  9578 | Lair:1   | Entered Level 1 of the Lair of Beasts
  9657 | Lair:1   | Found a labyrinth entrance.
  9674 | Lab      | Entered a labyrinth
  9688 | Lab      | Upgraded the game from 0.14-a0-3445-g2afddda to 0.14-a0-3472-gf2e932f
  9807 | Lab      | Noticed a minotaur
  9824 | Lab      | Killed a minotaur
  9824 | Lab      | Reached XP level 11. HP: 22/97 MP: 4/4
  9826 | Lab      | Acquired Okawaru's second power
  9830 | Lab      | Got a faintly glowing golden ring
  9833 | Lab      | Got a smoking chain mail
  9853 | Lab      | Identified the cursed +3 chain mail of the City {Acc+3 Dam-4} (You found it in a labyrinth)
 10111 | Lab      | Got a polished great sword
 10118 | Lab      | Identified the +5,+5 great sword of Uncomfortable Rashes {venom, Dex+1} (You found it in a labyrinth)
 10231 | Lair:1   | Noticed Nergalle
 10275 | Lair:1   | Killed Nergalle
 10493 | Lair:1   | Received a gift from Okawaru
 10500 | Lair:1   | Reached skill level 10 in Shields
 10785 | Lair:1   | Reached skill level 14 in Axes
 10804 | Lair:1   | Reached skill level 10 in Armour
 10866 | Lair:1   | Reached skill level 10 in Fighting
 11224 | Lair:1   | Identified the ring of Qigomouj {rF+ rC+} (You found it in a labyrinth)
 13395 | Lair:2   | Reached skill level 15 in Axes
 13413 | Lair:2   | Reached XP level 12. HP: 90/108 MP: 5/5
 15120 | Lair:3   | Received a gift from Okawaru
 15121 | Lair:3   | Got a pair of jewelled boots {god gift}
 15125 | Lair:3   | Identified the +0 pair of boots "Pneruss" {+Blink Dam-1} (Okawaru gifted it to you on level 3 of the Lair of Beasts)
 15433 | D:10     | Entered Level 10 of the Dungeon
 15873 | D:10     | Paralysed by a giant eyeball for 2 turns
 16710 | D:11     | Reached skill level 16 in Axes
 16830 | D:11     | Found a staircase to the Orcish Mines.
 16858 | D:11     | Found a roughly hewn altar of Beogh.
 17009 | D:11     | Noticed a six-headed hydra
 17016 | D:11     | Killed a ten-headed hydra
 17128 | D:11     | Identified the Papyrus of Nocuous Lightness
 17443 | Orc:1    | Entered Level 1 of the Orcish Mines
 17443 | Orc:1    | Noticed Prince Ribbit
 17470 | Orc:1    | Killed Prince Ribbit
 17550 | Orc:1    | Found a roughly hewn altar of Beogh.
 17580 | Orc:2    | Found Skueb's Antique Armour Emporium.
 17737 | Orc:2    | Bought a pair of smoking gloves for 256 gold pieces
 17747 | Orc:2    | Identified the +0 pair of gloves of Dexixoha {rElec rN+ Dex+3} (You bought it in a shop on level 2 of the Orcish Mines)
 18831 | Orc:3    | Noticed an orc warlord
 18849 | Orc:3    | Killed an orc warlord
 18851 | Orc:3    | Reached XP level 13. HP: 74/117 MP: 3/5
 19116 | Orc:3    | Noticed Fannar
 19128 | Orc:3    | Killed Fannar
 19134 | Orc:3    | Noticed Josephine
 19150 | Orc:3    | Killed Josephine
 19193 | Orc:3    | Received a gift from Okawaru
 19282 | Orc:3    | Found Suaxiuw's Distillery.
 19290 | Orc:3    | Bought a potion of heal wounds for 45 gold pieces
 19290 | Orc:3    | Bought a potion of heal wounds for 45 gold pieces
 19290 | Orc:3    | Bought a potion of paralysis for 15 gold pieces
 21822 | Lair:6   | Found a staircase to the Snake Pit.
 21957 | Lair:6   | Noticed Erica
 21966 | Lair:6   | Killed Erica
 21966 | Lair:6   | Received a gift from Okawaru
 21980 | Lair:6   | Got a slimy hat {god gift}
 21983 | Lair:6   | Identified the -7 hat of Okawaru's Generosity {Str+5 Curse} (Okawaru gifted it to you on level 6 of the Lair of Beasts)
 22139 | Lair:6   | Found a staircase to the Shoals.
 22181 | Lair:6   | Gained mutation: You possess an exceptional clarity of mind. [potion of beneficial mutation]
 22410 | Lair:6   | Found a staircase to the Slime Pits.
 22535 | Lair:6   | Found a glowing golden altar of the Shining One.
 22840 | Lair:7   | Reached XP level 14. HP: 90/129 MP: 5/5
 23112 | Lair:6   | Reached skill level 15 in Shields
 23284 | Lair:7   | Reached skill level 1 in Invocations
 23802 | Lair:8   | Entered Level 8 of the Lair of Beasts
 23882 | Lair:8   | Reached skill level 5 in Invocations
 24119 | Lair:8   | Received a gift from Okawaru
 24496 | Lair:8   | Got a flickering marble ring
 24509 | Lair:8   | Identified the ring of Truec {+Rage +Fly rC+ Dex+2 Dam-1} (You found it on level 8 of the Lair of Beasts)
 24677 | Lair:8   | Noticed Maud
 24936 | Lair:8   | Killed Maud
 25250 | Lair:8   | Found a glowing golden altar of the Shining One.
 25280 | Lair:8   | Reached skill level 15 in Fighting
 25904 | Orc:4    | Entered Level 4 of the Orcish Mines
 25952 | Orc:4    | Found a roughly hewn altar of Beogh.
 26062 | Orc:4    | Received a gift from Okawaru
 26604 | Orc:4    | Noticed an orc warlord
 26631 | Orc:4    | Killed an orc warlord
 26641 | Orc:4    | Found a roughly hewn altar of Beogh.
 26641 | Orc:4    | Found Bralug's Antique Armour Shoppe.
 26650 | Orc:4    | Found Ejamayh's Antique Weapon Emporium.
 26664 | Orc:4    | Bought a glowing broad axe for 120 gold pieces
 26764 | Orc:4    | Found a roughly hewn altar of Beogh.
 26789 | Orc:4    | Found Giarumei's Gadget Emporium.
 26916 | Orc:4    | Paralysed by an orc sorcerer for 3 turns
 27018 | Orc:4    | Found a roughly hewn altar of Beogh.
 27079 | Orc:4    | Found a staircase to the Elven Halls.
 27121 | Orc:4    | Found a roughly hewn altar of Beogh.
 27123 | Orc:4    | Reached XP level 15. HP: 144/144 MP: 21/21
 27195 | Orc:4    | Found a roughly hewn altar of Beogh.
 27201 | Orc:4    | Found Clorghej's Magic Scroll Shop.
 27221 | Orc:4    | Bought a scroll of enchant weapon II for 55 gold pieces
 27741 | Snake:1  | Entered Level 1 of the Snake Pit
 28042 | Snake:1  | Received a gift from Okawaru
 28058 | Snake:1  | Got a crystal hand axe {god gift}
 28059 | Snake:1  | Identified the +5,+7 hand axe of Lookhloxt {chop, rElec MR++ Dex-2} (Okawaru gifted it to you on level 1 of the Snake Pit)
 28394 | Snake:2  | Reached skill level 17 in Axes
 28514 | Snake:2  | Noticed Frances
 28537 | Snake:2  | Killed Frances
 28811 | Snake:2  | Identified the Disquisition on Torrid Boosts
 29000 | Snake:2  | Noticed Snorg
 29012 | Snake:2  | Killed Snorg
 29012 | Snake:2  | Received a gift from Okawaru
 29402 | Snake:3  | Reached skill level 18 in Axes
 29744 | Snake:3  | Found a basalt altar of Yredelemnul.
 30265 | Snake:3  | Noticed Agnes
 30281 | Snake:3  | Killed Agnes
 30281 | Snake:3  | Received a gift from Okawaru
 30775 | Snake:3  | Got a slimy hat {god gift}
 30778 | Snake:3  | Identified the -1 hat of Moton {rF+} (Okawaru gifted it to you on level 3 of the Snake Pit)
 31608 | Snake:4  | Reached XP level 16. HP: 143/155 MP: 22/22
 31976 | Snake:4  | Found Pnaphaaw's Antique Armour Shop.
 32120 | Snake:5  | Entered Level 5 of the Snake Pit
 32511 | Snake:4  | Received a gift from Okawaru
 32516 | Snake:4  | Identified a +2 pair of boots of running (Okawaru gifted it to you on level 4 of the Snake Pit)
 33287 | Snake:5  | Found Warucvoge's Jewellery Boutique.
 33308 | Snake:5  | Bought a cursed -3 ring of evasion for 24 gold pieces
 33346 | Snake:5  | Noticed Asterion
 33347 | Snake:5  | Noticed a spectral weapon
 33363 | Snake:5  | Killed Asterion
 33515 | Snake:5  | Reached skill level 19 in Shields
 35046 | Snake:5  | Reached skill level 20 in Shields
 35185 | Snake:5  | Received a gift from Okawaru
 35709 | Snake:5  | Reached XP level 17. HP: 121/161 MP: 22/22
 35744 | Snake:5  | Received a gift from Okawaru
 36104 | Snake:5  | Reached skill level 21 in Shields
 36590 | Snake:5  | Got a serpentine rune of Zot
 37052 | Shoals:1 | Entered Level 1 of the Shoals
 37236 | Shoals:1 | Received a gift from Okawaru
 37237 | Shoals:1 | Got an ichor-stained war axe {god gift}
 37238 | Shoals:1 | Identified the +3,-4 war axe of Death's Door {freeze, rC++} (Okawaru gifted it to you on level 1 of the Shoals)
 37595 | Shoals:1 | Reached skill level 22 in Shields
 38388 | Shoals:2 | Received a gift from Okawaru
 38985 | Shoals:3 | Found Quviemni's Antique Weapon Shoppe.
 39357 | Shoals:3 | Reached skill level 23 in Shields
 39921 | Shoals:4 | Noticed Louise
 39941 | Shoals:4 | Killed Louise
 40212 | Shoals:4 | Reached XP level 18. HP: 169/169 MP: 23/23
 40721 | Shoals:5 | Entered Level 5 of the Shoals
 40916 | Shoals:5 | Received a gift from Okawaru
 40943 | Shoals:5 | Got a crude hat {god gift}
 40947 | Shoals:5 | Identified the +1 hat of Uworph {Str+1 Stlth--} (Okawaru gifted it to you on level 5 of the Shoals)
 41059 | Shoals:5 | Reached skill level 24 in Shields
 41106 | Shoals:5 | Got a bloodstained war axe
 41107 | Shoals:5 | Identified the +9,+9 war axe "Witsig" {venom, +Inv rElec} (You found it on level 5 of the Shoals)
 41173 | Shoals:5 | Got a smoking plate armour
 41195 | Shoals:5 | Identified the cursed -2 plate armour "Vuxzoz" {rElec rF++} (You found it on level 5 of the Shoals)
 41232 | Shoals:5 | HP: 7/169 [merfolk impaler/glowing demon trident (15)]
 41882 | Shoals:5 | Got a barnacled rune of Zot
 42197 | Shoals:5 | Noticed Ilsuiw
 42690 | Shoals:5 | Killed Ilsuiw
 43064 | Shoals:5 | Reached skill level 25 in Shields
 43068 | Shoals:5 | Received a gift from Okawaru
 43618 | D:12     | Noticed Nessos
 43621 | D:12     | Noticed Psyche
 43645 | D:12     | Killed Psyche
 43657 | D:12     | Killed Nessos
 43912 | D:12     | Noticed Maurice
 43956 | D:12     | Killed Maurice
 45225 | D:14     | Found a blossoming altar of Fedhas.
 45444 | D:14     | Paralysed by a giant eyeball for 4 turns
 45525 | D:14     | Found a gate to the Vaults.
 45578 | D:14     | Got a dazzling chain mail
 45598 | D:14     | Identified the +1 chain mail "Hophot" {Stlth++} (You took it off a human on level 14 of the Dungeon)
 45754 | Vaults:1 | Entered Level 1 of the Vaults
 45759 | Vaults:1 | Reached skill level 1 in Evocations
 45774 | Vaults:1 | Received a gift from Okawaru
 45784 | Vaults:1 | Got an ichor-stained war axe {god gift}
 45814 | Vaults:1 | Identified the +8,+5 war axe "Schimaemm" {vamp, +Inv SInv} (Okawaru gifted it to you on level 1 of the Vaults)
 46165 | Vaults:1 | Reached skill level 5 in Evocations
 46371 | Vaults:1 | Reached XP level 19. HP: 179/179 MP: 24/24
 46851 | Vaults:1 | Received a gift from Okawaru
 47755 | Vaults:2 | Noticed a bone dragon
 47771 | Vaults:2 | Killed a bone dragon
 47785 | Vaults:2 | Reached skill level 10 in Evocations
 47789 | Vaults:2 | Found a staircase to the Crypt.
 47802 | Vaults:2 | Received a gift from Okawaru
 49039 | Vaults:3 | Received a gift from Okawaru
 49487 | Vaults:3 | Paralysed by a sphinx for 2 turns
 49559 | Vaults:3 | Reached XP level 20. HP: 78/187 MP: 31/31
 49964 | Vaults:3 | Found a staircase to the Hall of Blades.
 49969 | Blade    | Entered the Hall of Blades
 49970 | Blade    | Noticed Jorgrun
 49988 | Blade    | Killed Jorgrun
 50298 | Blade    | Noticed Mennas
 50337 | Blade    | Killed Mennas
 51069 | Vaults:3 | Found Etiy's Gadget Emporium.
 51079 | Vaults:3 | Bought a +4 rod of fiery destruction (13/13) for 1440 gold pieces
 51193 | Vaults:3 | Paralysed by a sphinx for 7 turns
 51367 | Vaults:3 | Received a gift from Okawaru
 51372 | Vaults:3 | Reached skill level 15 in Evocations
 51901 | Lair:2   | Learned a level 2 spell: Repel Missiles
 51905 | Lair:2   | Learned a level 3 spell: Regeneration
 52305 | Vaults:4 | Found a flickering gateway to a bazaar.
 52313 | Bazaar   | Entered a bazaar
 52317 | Bazaar   | Found Gaawax's Antique Armour Shop.
 52322 | Bazaar   | Found Cliasah's Jewellery Shop.
 52331 | Bazaar   | Bought the amulet of Wonder {Stasis Str-4 Dex-2 Int+1} for 280 gold pieces
 52561 | Vaults:4 | Reached skill level 1 in Charms
 52561 | Vaults:4 | Reached skill level 1 in Air Magic
 52872 | Vaults:4 | Reached skill level 1 in Necromancy
 53175 | Vaults:4 | Received a gift from Okawaru
 53478 | Vaults:4 | Got a steaming war axe
 53479 | Vaults:4 | Identified the +4,+2 war axe "Lorem Ipsum" {venom, MR++ Str+1 SInv} (You found it on level 4 of the Vaults)
 54131 | Vaults:5 | Entered Level 5 of the Vaults
 54305 | Vaults:5 | Noticed an ancient lich
 54317 | Vaults:4 | Slain by a phantasmal warrior

Action                   |  1- 3 |  4- 6 |  7- 9 | 10-12 | 13-15 | 16-18 | 19-21 || total
-------------------------+-------+-------+-------+-------+-------+-------+-------++-------
Melee: War axe           |    92 |   133 |   617 |  1203 |  1026 |     3 |    19 ||  3093
       Broad axe         |       |       |       |       |   170 |  1681 |   991 ||  2842
 Cast: Repel Missiles    |       |       |       |       |       |       |     2 ||     2
Invok: Heroism           |       |       |       |     3 |     5 |     3 |     1 ||    12
       Finesse           |       |       |       |       |     2 |     1 |     1 ||     4
Evoke: Wand              |     1 |       |     4 |     9 |     7 |     3 |     4 ||    28
       Rod               |       |       |       |       |       |       |     3 ||     3
  Use: Scroll            |       |       |     2 |    25 |    19 |    12 |    12 ||    70
       Potion            |       |       |     1 |    13 |     6 |     6 |     4 ||    30
 Stab: Invisible         |       |       |       |       |    10 |     3 |       ||    13
       Petrified         |       |       |       |       |     3 |       |       ||     3
       Fleeing           |       |       |       |       |     1 |     1 |       ||     2
